 Dungeon Crawl Stone Soup version 0.31-a0-609-g7bf6ffcfed (webtiles) character file.

Game seed: 10874633758064621591

57 freelancePsychic the Insei (level 4, -5/49 HPs)
             Began as a Djinni Shapeshifter on Aug 21, 2023.
             Slain by an ogre
             ... wielding a +0 giant spiked club
              (10 damage)
             ... on level 2 of the Dungeon.
             The game lasted 00:02:55 (1289 turns).

freelancePsychic the Insei (Djinni Shapeshifter)    Turns: 1289, Time: 00:02:56

Health: -5/49      AC: 22    Str: 20    XL:     4   Next: 18%
Gold:   50         EV:  2    Int: 11    God:
                   SH:  0    Dex: 14

rFire   . . .        e - +1 whip (elec)
rCold   . . .        (no shield)
rNeg    . . .        a - melded +0 animal skin
rPois   ∞            (helmet currently unavailable)
rElec   .            (cloak currently unavailable)
rCorr   .            (gloves currently unavailable)
SInv    .            (boots unavailable)
Will    .....        (no amulet)
Stlth   +            h - +6 ring of strength
HPRegen 0.28/turn    (no ring)
MPRegen 0.00/turn

%: infuse magic (-6 HP)
@: tree-form
A: stationary, stasis, torment immunity, boosted hp, sickness immunity, (fire
resistance 2), (cold vulnerability 1), float, innate caster, HP casting, extra
vitality 1
a: no special abilities


You were on level 2 of the Dungeon.
You were a tree.
You visited 1 branch of the dungeon, and saw 2 of its levels.

You collected 50 gold pieces.

Inventory:

Hand Weapons
 e - a +1 whip of electrocution (weapon)
Armour
 a - a +0 animal skin (melded)
 j - a +0 pair of gloves
 n - a +0 kite shield
Magical Staves
 l - a staff of conjuration
Jewellery
 h - a +6 ring of strength (left branch)
Talismans
 c - a beast talisman
 d - a flux talisman
Scrolls
 f - 2 scrolls of amnesia {unknown}
 g - a scroll of poison {unknown}
 i - a scroll of enchant armour {unknown}
 k - a scroll of acquirement {unknown}
Potions
 m - a potion of magic {unknown}


   Skills:
 + Level 2.2 Fighting
 - Level 0.9 Maces & Flails
 - Level 2.1 Dodging
 - Level 3.0 Unarmed Combat
 * Level 1.6 Spellcasting
 * Level 1.6 Conjurations
 * Level 1.6 Hexes
   Level 0.0 Charms
 * Level 1.6 Summonings
 * Level 1.6 Necromancy
 * Level 1.6 Translocations
 * Level 1.6 Transmutations
 * Level 1.6 Fire Magic
 * Level 1.6 Ice Magic
 * Level 1.6 Air Magic
 * Level 1.6 Earth Magic
 * Level 1.6 Poison Magic
 - Level 2.6 Shapeshifting


You knew the following spells:

 Your Spells              Type           Power      Damage    Failure   Level
a - Sting                 Tmut/Pois      16%        1d3       16%         1
Your spell library was empty.

Dungeon Overview and Level Annotations

Branches:
Dungeon (2/15)

Altars:

Shops:
D:1 [!*:


Innate Abilities, Weirdness & Mutations

You are a tree.
Your roots penetrate the ground, keeping you stationary.
You cannot be teleported.
You are immune to unholy pain and torment.
Your maximum health is greatly increased.
Your equipment is partially melded.
You are immune to sickness and miasma.
You are immune to poison.
((Your flesh is very heat resistant. (rF++)))
((You are vulnerable to cold. (rC-)))
You float through the air rather than walking.
You learn spells naturally, not from books.
Your magical power is your life essence.
You have superior vitality. (+4 MHP)


Message History

The giant cockroach bites you but does no damage.
The ogre hits you with a +0 giant spiked club!!
Ouch! That really hurt!
You are too injured to fight recklessly!
You are too injured to fight recklessly!
You are too injured to fight recklessly!
You are too injured to fight recklessly!
You are too injured to fight recklessly!
You are too injured to fight recklessly!
You are too injured to fight recklessly!
You are too injured to fight recklessly!
You are too injured to fight recklessly!
You are too injured to fight recklessly!
You are too injured to fight recklessly!
You are too injured to fight recklessly!
You are too injured to fight recklessly!
You are too injured to fight recklessly!
You are too injured to fight recklessly!
You are too injured to fight recklessly!
You are too injured to fight recklessly!
You are too injured to fight recklessly!
The giant cockroach attacks as it pursues you!
The giant cockroach bites you but does no damage.
The giant cockroach barely misses you. The ogre attacks as it pursues you!
The ogre misses you.
Okay, then.
Your transformation has ended.
You turn into a tree.
Your +0 animal skin melds into your body.
Your roots penetrate the ground.
You barely miss the ogre.
The ogre hits you with a +0 giant spiked club!
* * * LOW HITPOINT WARNING * * *
You hit the ogre but do no damage. The ogre barely misses you.
You hit the ogre. Lightning courses through the ogre!
The ogre is severely wounded.
You hit the ogre but do no damage.
The ogre is severely wounded.
The ogre hits you with a +0 giant spiked club!
You die...

########
#......#
#......##.
##...$.....
####........#
#..........#
#.. #B.....#
#.##OJ....#
#..♣#######
+..#.#
####.### #####
#.##<†.##.$...
#<.###....#
##......###
###....#
#....#..###...
#.####......#


You could see an ogre, an endoplasm and a giant cockroach.

Vanquished Creatures
  A gnoll (D:1)
  An adder (D:1)
  A worm (D:2)
  2 ball pythons (D:1)
  2 bats (D:1)
  4 endoplasms (D:1)
  3 giant cockroaches
  3 hobgoblins (D:1)
  A jackal (D:1)
  2 kobolds (D:1)
  A quokka (D:1)
  3 frilled lizards
  5 goblins (D:1)
  A rat (D:1)
30 creatures vanquished.

Notes
Turn   | Place    | Note
-------+----------+-------------------------------------------
     0 | D:1      | freelancePsychic the Djinni Shapeshifter began the quest
                  | for the Orb.
     0 | D:1      | Reached XP level 1. HP: 17/17 MP: 0/0
   147 | D:1      | Reached XP level 2. HP: 22/22 MP: 0/0
   471 | D:1      | Reached XP level 3. HP: 21/27 MP: 0/0
   471 | D:1      | Learned a level 1 spell: Sting
   510 | D:1      | Found Fohen's Assorted Antiques.
   523 | D:1      | Found Ynneut's Book Boutique.
   551 | D:1      | Reached skill level 1 in Spellcasting
   551 | D:1      | Reached skill level 1 in Conjurations
   551 | D:1      | Reached skill level 1 in Hexes
   551 | D:1      | Reached skill level 1 in Summonings
   551 | D:1      | Reached skill level 1 in Necromancy
   551 | D:1      | Reached skill level 1 in Translocations
   551 | D:1      | Reached skill level 1 in Transmutations
   551 | D:1      | Reached skill level 1 in Fire Magic
   551 | D:1      | Reached skill level 1 in Ice Magic
   551 | D:1      | Reached skill level 1 in Air Magic
   551 | D:1      | Reached skill level 1 in Earth Magic
   551 | D:1      | Reached skill level 1 in Poison Magic
   769 | D:1      | Found Gaeghasi's Antique Armour Shop.
   836 | D:1      | Found Lofa's Distillery.
  1211 | D:1      | Reached XP level 4. HP: 21/33 MP: 0/0
  1278 | D:2      | Noticed an ogre
  1289 | D:2      | Slain by an ogre

Illustrated notes

Levels and vault maps discovered:
D:1:      lemuel_arrival_lava_pool, layout_loops_corners, serial_shops,
          nicolae_shop_tiny_waterfront, shop, nicolae_shop_peninsula,
          nicolae_shop_tiny_real_fake_doors, chequers_serial_rivers_micro_e,
          nicolae_concentric_dashed_squares_mild, st_stairs_8,
          minmay_tetromino_i2
D:2:      layout_rooms, kennysheep_path_1

Skill      XL: |  1  2  3 |
---------------+----------+-----
Spellcasting   | 1 |  1.6
Conjurations   | 1 |  1.6
Hexes          | 1 |  1.6
Summonings     | 1 |  1.6
Necromancy     | 1 |  1.6
Translocations | 1 |  1.6
Transmutations | 1 |  1.6
Fire Magic     | 1 |  1.6
Ice Magic      | 1 |  1.6
Air Magic      | 1 |  1.6
Earth Magic    | 1 |  1.6
Poison Magic   | 1 |  1.6
Fighting       | 2 |  2.2
Maces & Flails | |  0.9
Dodging        | |  2.1
Unarmed Combat | |  3.0
Shapeshifting  | |  2.6

Action                     |  1- 3 |  4- 6 || total
---------------------------+-------+-------++-------
  Melee: Whip              |    66 |    10 ||    76
         Punch             |     1 |       ||     1
   Cast: Sting             |     4 |       ||     4
    Use: Potion            |       |     1 ||     1
 Armour: Animal skin       |    22 |     2 ||    24
  Dodge: Dodged            |    56 |     6 ||    62

Table legend: (Time is in decaauts)
 A = Elapsed time spent in this place.
 B = Non-inter-level travel time spent in this place.
 C = Inter-level travel time spent in this place.
 D = Time resting spent in this place.
 E = Time spent auto-exploring this place.
 F = Levels seen in this place.
 G = Mean time per level.
                   A        B        C        D        E       F      G
               +--------+--------+--------+--------+--------+-----+--------+
         Total |   1293 |   1243 |     50 |     46 |    966 |   2 |  646.5 |
       Dungeon |   1293 |   1243 |     50 |     46 |    966 |   2 |  646.5 |
               +--------+--------+--------+--------+--------+-----+--------+

Top non-repeatable levels by time:
     D:1: 1247 daAuts
     D:2: 46 daAuts
